 Dungeon Crawl Stone Soup version 0.19-a0-46-g8690a2b (webtiles) character file.

1512 tyvek the Cudgeler (level 8, -5/51 HPs)
             Began as a Gargoyle Fighter on May 6, 2016.
             Killed from afar by LogicNinja's ghost (14 damage)
             ... with an orb of energy
             ... on level 6 of the Dungeon.
             The game lasted 00:08:11 (5010 turns).

tyvek the Cudgeler (Gargoyle Fighter)               Turns: 5010, Time: 00:08:12

Health: -5/51      AC: 16    Str: 25 (27) XL:     8   Next: 83%
Magic:  8/8        EV:  6    Int:  6 (9)  God:
Gold:   157        SH: 10    Dex:  7 (9)  Spells: 0 memorised, 7 levels left

rFire  + . .     SeeInvis .     q - +0 morningstar of Wuodalu {flame, rElec rPois rC+ Str+2}
rCold  + . .     Gourm    .     n - +0 chain mail
rNeg   + . .     Faith    .     c - +0 shield
rPois  ∞         Spirit   .     (no helmet)
rElec  +         Dismiss  .     (no cloak)
rCorr  .         Reflect  .     l - +0 pair of gloves
SustAt .         Harm     .     (no boots)
MR     .....                    v - amulet of magic regeneration
Stlth  ..........               p - ring of protection from fire {rF+, !d}
                                t - +3 ring of strength (curse)

@: not resistant to hostile enchantments, extremely unstealthy
A: negative energy resistance 1, electricity resistance, unbreathing,
petrification resistance, rot immunity, AC +5
a: no special abilities


You were on level 6 of the Dungeon.
You were not hungry.

You visited 1 branch of the dungeon, and saw 6 of its levels.

You collected 337 gold pieces.
You spent 180 gold pieces at shops.

Inventory:

Hand Weapons
 a - a +1 flail
 q - the +0 morningstar of Wuodalu (weapon) {flame, rElec rPois rC+ Str+2}
   (You bought it in a shop on level 4 of the Dungeon)

   It has been specially enchanted to burn those struck by it, causing extra
   injury to most foes and up to half again as much damage against particularly
   susceptible opponents.
   It affects your strength (+2).
   It protects you from cold.
   It insulates you from electricity.
   It protects you from poison.
Armour
 c - a +0 shield (worn)
 l - a +0 pair of gloves (worn)
   (You found it on level 4 of the Dungeon)
 n - a +0 chain mail (worn)
   (You took it off Terence on level 2 of the Dungeon)
Jewellery
 j - a +2 ring of intelligence {unknown}
   (You found it on level 6 of the Dungeon)
 p - a ring of protection from fire (right hand) {rF+, !d}
   (You found it on level 4 of the Dungeon)
 t - a cursed +3 ring of strength (left hand)
   (You found it on level 4 of the Dungeon)
 v - an amulet of magic regeneration (around neck)
   (You found it on level 5 of the Dungeon)
Scrolls
 b - 2 scrolls of teleportation
 e - 2 scrolls of enchant armour
Potions
 d - 2 potions of brilliance
 u - 3 potions of cure mutation {!q}
 x - a potion of cancellation
Books
 y - a Young Poisoner's Handbook
   (You found it on level 5 of the Dungeon)
Comestibles
 f - 5 bread rations {@e1}
 g - 4 fruits
 h - 2 beef jerkies
 i - 5 meat rations {@e2}
 k - a royal jelly
 o - a slice of pizza


   Skills:
 + Level 6.0 Fighting
 * Level 7.2 Maces & Flails
 + Level 6.1 Armour
 + Level 6.1 Shields


You had 7 spell levels left.
You didn't know any spells.

Dungeon Overview and Level Annotations

Branches:
Dungeon (6/15)
 Temple: D:4-7

Altars:
Dithmenos
Gozag
Nemelex Xobeh
Vehumet

Shops:
D:4 (

Annotations:
D:4 exclusion: statue
D:6 Blork the orc; LogicNinja's ghost, novice DECj


Innate Abilities, Weirdness & Mutations

You are resistant to torment.
Your stone body is resilient (AC +5).
You are immune to poison.
You resist negative energy.
You are resistant to electric shocks.
You can survive without breathing.
You are immune to petrification.
You are immune to rotting.


Message History

You are too injured to fight recklessly!
You are too injured to fight recklessly!
You are too injured to fight recklessly!
You are too injured to fight recklessly!
You are too injured to fight recklessly!
You are too injured to fight recklessly!
You are too injured to fight recklessly!
You are too injured to fight recklessly!
You are too injured to fight recklessly!
Unknown command.
You are too injured to fight recklessly!
You are too injured to fight recklessly!
You are too injured to fight recklessly!
You are too injured to fight recklessly!
You are too injured to fight recklessly!
You are too injured to fight recklessly!
You are too injured to fight recklessly!
You are too injured to fight recklessly!
You are too injured to fight recklessly!
You are too injured to fight recklessly!
You are too injured to fight recklessly!
You sock the shadow imp! You burn the shadow imp.
You kill the shadow imp!
There is an open door here.
You now have 157 gold pieces (gained 9).
You open the door.
LogicNinja's ghost (novice Deep Elf Conjurer) comes into view.
It is wielding a weapon of electrocution.
You regained 4 hp, and now have 34/51 hp.
Here: LogicNinja's ghost, wielding a weapon of electrocution The floor.
LogicNinja's ghost hits you but does no damage.
There is an open door here.
You miss LogicNinja's ghost. You block LogicNinja's ghost's attack.
You barely miss LogicNinja's ghost.
LogicNinja's ghost casts a spell at you.
The magic dart hits you!
You take 3 damage, and have 31/51 hp.
Your shield and chain mail prevent you from hitting LogicNinja's ghost.
LogicNinja's ghost gestures at you while chanting.
The orb of energy hits you!
The orb of energy explodes!
You take 5 damage, and have 26/51 hp.
Your chain mail prevents you from hitting LogicNinja's ghost.
LogicNinja's ghost hits you but does no damage. x2
You closely miss LogicNinja's ghost. You block LogicNinja's ghost's attack.
Your chain mail prevents you from hitting LogicNinja's ghost.
You block LogicNinja's ghost's attack.
You closely miss LogicNinja's ghost.
LogicNinja's ghost points at you and mumbles some strange words.
The orb of energy hits you!
* * * LOW HITPOINT WARNING * * *
The orb of energy explodes!
You hear a shout!
You take 16 damage, and have 10/51 hp.
MASSIVE DAMAGE!!
Drink which item? (? for menu, Esc to quit)
You are confused.
You feel invigorated.
LogicNinja's ghost casts a spell at you.
The orb of energy hits you!
* * * LOW HITPOINT WARNING * * *
You take 9 damage, and have 1/51 hp.
You bump into the rock wall.
LogicNinja's ghost hits you but does no damage.
You regained 3 hp, and now have 4/51 hp.
You miss LogicNinja's ghost.
LogicNinja's ghost completely misses you.
LogicNinja's ghost hits you.
* * * LOW HITPOINT WARNING * * *
You regained 2 hp, and now have 6/51 hp.
You regained 3 hp, and now have 9/51 hp.
You miss LogicNinja's ghost. LogicNinja's ghost hits you.
* * * LOW HITPOINT WARNING * * *
You regained 5 hp, and now have 14/51 hp.
You miss LogicNinja's ghost.
You feel less invigorated.
You feel less confused.
LogicNinja's ghost hits you but does no damage.
You regained 5 hp, and now have 19/51 hp.
You puncture LogicNinja's ghost! You burn LogicNinja's ghost.
LogicNinja's ghost hits you.
Blork the orc comes into view.
He is wielding a battleaxe.
You take 1 damage, and have 18/51 hp.
You barely miss LogicNinja's ghost.
LogicNinja's ghost gestures at you while chanting.
The orb of energy hits you!
* * * LOW HITPOINT WARNING * * *
The orb of energy explodes!
Blork the orc moves out of view.
You take 5 damage, and have 13/51 hp.
You hit LogicNinja's ghost.
LogicNinja's ghost gestures at you while chanting.
The magic dart hits you!
* * * LOW HITPOINT WARNING * * *
You take 5 damage, and have 8/51 hp.
You barely miss LogicNinja's ghost. LogicNinja's ghost barely misses you.
You block LogicNinja's ghost's attack.
You hit LogicNinja's ghost.
LogicNinja's ghost hits you but does no damage.
You thump LogicNinja's ghost! You burn LogicNinja's ghost.
LogicNinja's ghost gestures at you while chanting.
The orb of energy hits you!
You die...

...
....#####
....#...#
........#
........#
......#
#...######
###W##...#
#.@......#
#........#
#........#
#........#
#........##
+.........#
.
#.........#
.
#...##....#
. #...
#....# .


You could see LogicNinja's ghost.

Vanquished Creatures
  Grinder (D:4)
  Sigmund (D:2)
  A water moccasin (D:4)
  2 phantoms (D:5)
  A sky beast (D:4)
  A centaur (D:5)
  A scorpion (D:5)
  A crimson imp (D:5)
  A centaur zombie (D:5)
  A centaur skeleton (D:6)
  2 hounds
  A giant frog skeleton (D:5)
  2 orc priests
  4 orc wizards (D:4)
  Terence (D:2)
  Jessica (D:2)
  3 worker ants
  A howler monkey zombie (D:5)
  A worker ant zombie (D:6)
  3 adders
  2 shadow imps
  An ooze (D:1)
  An adder skeleton (D:4)
  A worm (D:2)
  5 dart slugs
  5 giant geckos
  17 orcs
  4 giant cockroaches
  8 goblins
  8 hobgoblins
  10 jackals
  3 quokkas
  2 ball pythons
  7 bats
  3 giant newts
  A jackal zombie (D:6)
  4 kobolds
  8 rats
120 creatures vanquished.

Notes
Turn   | Place    | Note
--------------------------------------------------------------
     0 | D:1      | tyvek the Gargoyle Fighter began the quest for the Orb.
     0 | D:1      | Reached XP level 1. HP: 14/14 MP: 1/1
    50 | D:1      | Reached XP level 2. HP: 10/19 MP: 2/2
   392 | D:1      | Reached XP level 3. HP: 23/23 MP: 3/3
   655 | D:1      | Reached skill level 3 in Maces & Flails
   855 | D:2      | Noticed Jessica
   891 | D:2      | Killed Jessica
   891 | D:2      | Reached XP level 4. HP: 15/28 MP: 4/4
  1133 | D:2      | Noticed Terence
  1156 | D:2      | Killed Terence
  1156 | D:2      | Reached skill level 4 in Shields
  1319 | D:2      | Noticed Sigmund
  1342 | D:2      | HP: 1/28 [something/puff of flame (10)]
  1343 | D:2      | Killed Sigmund
  1343 | D:2      | Reached skill level 4 in Fighting
  1343 | D:2      | Reached skill level 4 in Maces & Flails
  1343 | D:2      | Reached skill level 4 in Armour
  1343 | D:2      | Reached XP level 5. HP: 1/33 MP: 5/5
  1343 | D:2      | Reached XP level 6. HP: 1/38 MP: 6/6
  2812 | D:4      | Found an opulent altar of Gozag.
  3001 | D:4      | Found Lagailuc's Antique Weapon Shoppe.
  3024 | D:4      | Bought a transparent morningstar for 180 gold pieces
  3024 | D:4      | Identified the cursed +0 morningstar of Wuodalu {flame, rElec rPois rC+ Str+2} (You bought it in a shop on level 4 of the Dungeon)
  3117 | D:4      | Noticed Grinder
  3120 | D:4      | Paralysed by Grinder for 5 turns
  3135 | D:4      | Killed Grinder
  3135 | D:4      | Reached skill level 5 in Maces & Flails
  3135 | D:4      | Reached skill level 5 in Shields
  3135 | D:4      | Reached XP level 7. HP: 33/44 MP: 7/7
  3268 | D:4      | Reached skill level 5 in Armour
  3610 | D:4      | Reached skill level 5 in Fighting
  3887 | D:4      | Found a radiant altar of Vehumet.
  3999 | D:5      | Entered Level 5 of the Dungeon
  4009 | D:4      | Reached skill level 6 in Maces & Flails
  4009 | D:4      | Reached XP level 8. HP: 31/49 MP: 8/8
  4346 | D:5      | Found a shadowy altar of Dithmenos.
  4403 | D:5      | Found a sparkling altar of Nemelex Xobeh.
  4630 | D:5      | Reached skill level 7 in Maces & Flails
  4646 | D:5      | Reached skill level 6 in Armour
  4646 | D:5      | Reached skill level 6 in Shields
  4917 | D:6      | Reached skill level 6 in Fighting
  4990 | D:6      | Noticed LogicNinja's ghost (novice DECj)
  4998 | D:6      | HP: 10/51 [LogicNinja's ghost/orb of energy (17)]
  4999 | D:6      | HP: 1/51 [LogicNinja's ghost/orb of energy (12)]
  5006 | D:6      | Noticed Blork the orc
  5007 | D:6      | HP: 8/51 [LogicNinja's ghost/magic dart (5)]
  5010 | D:6      | Killed from afar by LogicNinja's ghost

Vault maps used:
D:1:      lightli_molten_gateway
D:2:      uniq_terence, uniq_sigmund, uniq_jessica
D:4:      lemuel_crystal_altar, vehumet_statue, first_bread, serial_shops,
          shop_coins, minmay_misc_feat_roman, kennysheep_generic_room_10,
          uniq_grinder
D:5:      lemuel_doored_altar, nicolae_dithmenos_shadow_blocks
D:6:      ashenzari_conservatory_becter, okawaru_ov_weapons_minmay,
          uniq_blork_the_orc, uniq_edmund

Skill      XL: |  1  2  3  4  5  6  7  8 |
---------------+-------------------------+-----
Maces & Flails | 3 4 5 6 7 |  7.2
Shields        | 4 5 6 |  6.1
Fighting       | 4 5 6 |  6.0
Armour         | 4 5 6 |  6.1

Action                   |  1- 3 |  4- 6 |  7- 9 || total
-------------------------+-------+-------+-------++-------
Melee: Flail             |   113 |   177 |       ||   290
       Morningstar       |       |     8 |   181 ||   189
  Use: Potion            |       |     1 |     3 ||     4
       Scroll            |       |     9 |     5 ||    14
  Eat: Chunk             |       |     8 |     4 ||    12
       Pizza             |       |       |     1 ||     1
Armor: Scale mail        |    70 |   112 |       ||   182
       Chain mail        |       |     8 |   146 ||   154
Dodge: Dodged            |    32 |    48 |    48 ||   128
Block: Shield            |    71 |   114 |   115 ||   300

Vault maps used:
D:1:      lightli_molten_gateway
D:2:      uniq_terence, uniq_sigmund, uniq_jessica
D:4:      lemuel_crystal_altar, vehumet_statue, first_bread, serial_shops,
          shop_coins, minmay_misc_feat_roman, kennysheep_generic_room_10,
          uniq_grinder
D:5:      lemuel_doored_altar, nicolae_dithmenos_shadow_blocks
D:6:      ashenzari_conservatory_becter, okawaru_ov_weapons_minmay,
          uniq_blork_the_orc, uniq_edmund

Table legend:
 A = Turns spent in this place as a percentage of turns spent in the entire game.
 B = Non-inter-level travel turns spent in this place as a percentage of non-inter-level travel turns spent in the entire game.
 C = Inter-level travel turns spent in this place as a percentage of turns spent in this place.
 D = Turns resting spent in this place as a percentage of non-inter-level travel turns spent in this place.
 E = Turns spent auto-exploring this place as a percentage of non-inter-level travel turns spent in this place.
 F = Non-inter-level travel turns spent in this place divided by the number of levels of this place that you've seen.
                   A       B       C       D       E      F
               +-------+-------+-------+-------+-------+----------------------
         Total | 100.0 | 100.0 |   0.5 |   0.8 |  10.7 | 294.2
       Dungeon | 100.0 | 100.0 |   0.5 |   0.8 |  10.7 | 294.2
               +-------+-------+-------+-------+-------+----------------------

Table legend:
 A = Kills in this place as a percentage of kills in entire the game.
 B = Kills by you in this place as a percentage of kills by you in the entire game.
 C = Kills by friends in this place as a percentage of kills by friends in the entire game.
 D = Other kills in this place as a percentage of other kills in the entire game.
 E = Experience gained in this place as a percentage of experience gained in the entire game.
 F = Experience gained in this place divided by the number of levels of this place that you have seen.
                   A       B       C       D       E      F
               +-------+-------+-------+-------+-------+----------------------
         Total | 100.0 | 100.0 |  -nan |  -nan | 100.0 | 360.2
       Dungeon | 100.0 | 100.0 |  -nan |  -nan | 100.0 | 360.2
               +-------+-------+-------+-------+-------+----------------------
